 Dungeon Crawl Stone Soup version 0.31.0-11-ge490571c62 (webtiles) character file.

Game seed: 9167243690005713460

49 shadizar the Magician (level 4, 0/33 HPs)
             Began as a Djinni Fire Elementalist on Jan 27, 2024.
             Slain by Duvessa
             ... wielding a +0 short sword
              (11 damage)
             ... on level 6 of the Dungeon.
             The game lasted 00:02:52 (1835 turns).

shadizar the Magician (Djinni Fire Elementalist)    Turns: 1835, Time: 00:02:54

Health: 0/33       AC:  4    Str:  7    XL:     4   Next: 2%
Gold:   136        EV: 12    Int: 24    God:
                   SH:  0    Dex: 14

rFire   + + .        f - staff of air
rCold   x . .        (no shield)
rNeg    . . .        a - +0 robe
rPois   ∞            l - +1 helmet
rElec   +            (no cloak)
rCorr   .            (no gloves)
SInv    .            (boots unavailable)
Will    .....        (no amulet)
Stlth   +            h - +6 ring of intelligence
HPRegen 0.25/turn    (no ring)
MPRegen 0.00/turn

%: infuse magic (-1 HP)
@: lit by a corona, flying, glowing
A: sickness immunity, fire resistance 2, cold vulnerability 1, float, innate
caster, HP casting, extra vitality 1
a: no special abilities


You were on level 6 of the Dungeon.
You visited 1 branch of the dungeon, and saw 4 of its levels.

You collected 136 gold pieces.

Inventory:

Hand Weapons
 m - a +2 whip of venom
Missiles
 i - a throwing net
Armour
 a - a +0 robe (worn)
 l - a +1 helmet (worn)
Magical Staves
 f - a staff of air (weapon)
 k - a staff of earth
Jewellery
 h - a +6 ring of intelligence (left hand)
Scrolls
 b - a scroll of immolation {unknown}
 d - 2 scrolls of identify {unknown}
 e - 2 scrolls of teleportation {unknown}
 j - a scroll of noise {unknown}
 n - a scroll of poison {unknown}
Potions
 c - a potion of curing {unknown}
 g - a potion of resistance {unknown}


   Skills:
 + Level 2.2 Fighting
 - Level 2.1 Dodging
 - Level 1.5 Stealth
 + Level 3.6 Spellcasting
 + Level 3.6 Conjurations
 + Level 3.6 Hexes
 + Level 3.6 Summonings
 + Level 3.6 Necromancy
 + Level 3.6 Translocations
 + Level 3.6 Fire Magic
 + Level 3.6 Ice Magic
 + Level 3.6 Air Magic
 + Level 3.6 Earth Magic
 + Level 3.6 Alchemy


You knew the following spells:

 Your Spells              Type           Power      Damage    Failure   Level
a - Foxfire               Conj/Fire      84%        2x1d8     2%          1
b - Scorch                Fire           42%        2d6       3%          2
c - Volatile Blastmotes   Fire/Tloc      42%        2d13      7%          3
d - Inner Flame           Hex/Fire       21%        N/A       7%          3
e - Flame Wave            Conj/Fire      21%        2d8       22%         4
f - Apportation           Tloc           42%        N/A       2%          1
Your spell library was empty.

Dungeon Overview and Level Annotations

Branches:
Dungeon (3/15)

Altars:
Gozag
Qazlal

Annotations:
D:6 Duvessa


Innate Abilities, Weirdness & Mutations

You are immune to sickness and miasma.
You are immune to poison.
Your flesh is very heat resistant. (rF++)
You are vulnerable to cold. (rC-)
You float through the air rather than walking.
You learn spells naturally, not from books.
Your magical power is your life essence.
You have superior vitality. (+4 MHP)


Message History

Duvessa is moderately wounded.
The foxfire hits Duvessa but does no damage.
Duvessa is moderately wounded.
Duvessa barely misses you. Dowan casts a spell at you.
You are outlined in light.
Unknown command.
Casting: Scorch (safe; 3% risk of failure)
Confirm with . or Enter, or press ? or * to list all spells.
Okay, then.
Casting: Scorch (safe; 3% risk of failure)
Confirm with . or Enter, or press ? or * to list all spells.
Okay, then.
Unknown command.
Casting: Inner Flame (quite dangerous; 7% risk of failure)
Confirm with . or Enter, or press ? or * to list all spells.
Okay, then.
Casting: Inner Flame (quite dangerous; 7% risk of failure)
Confirm with . or Enter, or press ? or * to list all spells.
Okay, then.
Casting: Flame Wave (extremely dangerous; 22% risk of failure)
Confirm with . or Enter, or press ? or * to list all spells.
You don't know that spell.
Casting: Flame Wave (extremely dangerous; 22% risk of failure)
Confirm with . or Enter, or press ? or * to list all spells.
Flames lash Duvessa.
Duvessa is burned terribly!
Duvessa is heavily wounded.
Duvessa hits you with a +0 short sword!
Unknown command.
Unknown command.
Your foxfire dissipates!
Duvessa barely misses you.
Okay, then.
Casting: Scorch (safe; 3% risk of failure)
Confirm with . or Enter, or press ? or * to list all spells.
Flames lash Dowan.
You kill Dowan!
Duvessa weeps, and shakes her weapon.
Duvessa goes berserk!
Duvessa hits you with a +0 short sword!
You die...

### #.#
#.#####%#
#.......#
..#####.# #@#
#e#
.......).....>#
#.#####.####.##
#.# .(# ###


You could see Duvessa (berserk, fast, combustible).

Vanquished Creatures
  Dowan (D:6)
  An adder (D:3)
  A dart slug (D:1)
  A ribbon worm (D:2)
  An orc (D:3)
  4 endoplasms
  3 giant cockroaches
  2 goblins
  5 hobgoblins
  A quokka (D:1)
  2 ball pythons
  2 bats
  7 frilled lizards (D:1)
  3 kobolds
  2 rats
36 creatures vanquished.

Vanquished Creatures (others)
  202 foxfires
202 creatures vanquished.

Grand Total: 238 creatures vanquished

Notes
Turn   | Place    | Note
-------+----------+-------------------------------------------
     0 | D:1      | shadizar the Djinni Fire Elementalist began the quest for
                  | the Orb.
     0 | D:1      | shadizar set off with the following spells memorised:
                  | Foxfire, Scorch, Volatile Blastmotes, Inner Flame, Flame
                  | Wave.
     0 | D:1      | Reached XP level 1. HP: 15/15 MP: 0/0
    64 | D:1      | Reached XP level 2. HP: 19/22 MP: 0/0
   148 | D:1      | Reached skill level 1 in Fighting
   724 | D:2      | Reached XP level 3. HP: 24/27 MP: 0/0
   724 | D:2      | Learned a level 1 spell: Apportation
   745 | D:2      | Found an opulent altar of Gozag.
  1628 | D:3      | Found an opulent altar of Gozag.
  1738 | D:3      | Reached XP level 4. HP: 28/33 MP: 0/0
  1795 | D:3      | Found a stormy altar of Qazlal.
  1816 | D:3      | You are sucked into a shaft and drop 3 floors!
  1821 | D:6      | Noticed Dowan
  1825 | D:6      | Noticed Duvessa
  1835 | D:6      | Killed Dowan
  1835 | D:6      | Slain by Duvessa

Illustrated notes

Levels and vault maps discovered:
D:1:      onia_arrival_pyramid, layout_rooms, serial_rivers,
          chequers_serial_rivers_room_a, chequers_serial_rivers_micro_e,
          chequers_serial_rivers_micro_a, chequers_serial_rivers_micro_e,
          minmay_lizard_pond
D:2:      layout_basic, basic_altar, grunt_decor_clamped
D:3:      layout_loops_cross, nicolae_qazlal_eye_of_the_storm,
          grunt_gozag_statues, grunt_ministairs_8
D:6:      layout_basic, makhleb_grotto_becter, mainiacjoe_overflow_24_doors,
          minmay_temple_entry_tees, enter_ossuary_2, uniq_menkaure, uniq_duvessa

Skill      XL: |  1  2  3 |
---------------+----------+-----
Fighting       | 1 2 |  2.2
Dodging        | |  2.1
Stealth        | |  1.5
Spellcasting   | |  3.6
Conjurations   | |  3.6
Hexes          | |  3.6
Summonings     | |  3.6
Necromancy     | |  3.6
Translocations | |  3.6
Fire Magic     | |  3.6
Ice Magic      | |  3.6
Air Magic      | |  3.6
Earth Magic    | |  3.6
Alchemy        | |  3.6

Action                     |  1- 3 |  4- 6 || total
---------------------------+-------+-------++-------
   Cast: Foxfire           |   114 |    11 ||   125
         Scorch            |     1 |     4 ||     5
 Armour: Robe              |     2 |     4 ||     6
  Dodge: Dodged            |     1 |     2 ||     3
